 Dungeon Crawl Stone Soup version 0.25.1-2-g60ff931df9 (webtiles) character file.

Game seed: 3196287238381026857

431 ubername the Vexing (level 6, -1/70 HPs)
             Began as a Gnoll Arcane Marksman on Sept 27, 2020.
             Slain by Grinder (6 damage)
             ... while paralysed by Grinder
             ... on level 4 of the Dungeon.
             The game lasted 00:11:09 (3678 turns).

ubername the Vexing (Gnoll Arcane Marksman)         Turns: 3678, Time: 00:11:10

Health: -1/70      AC:  6    Str: 14 (15) XL:     6   Next: 99%
Magic:  10/11      EV:  2    Int: 15 (17) God:
Gold:   153        SH:  0    Dex: 13 (15) Spells: 11/12 levels left

rFire    . . .     SeeInvis +   b - +0 mace
rCold    . . .     Gourm    .   (no shield)
rNeg     . . .     Faith    .   h - +0 scale mail "Mihoydep" {rPois rCorr}
rPois    +         Spirit   .   (no helmet)
rElec    .         Reflect  .   (no cloak)
rCorr    +         Harm     .   (no gloves)
MR       .....                  (no boots)
Stlth    ..........             (no amulet)
HPRegen  0.21/turn              m - ring of wizardry
MPRegen  0.12/turn              u - ring of see invisible

@: paralysed, berserking
A: distributed training, claws 1, fangs 1, strong 1, strong nose
a: no special abilities


You were on level 4 of the Dungeon.
You were not hungry.

You visited 1 branch of the dungeon, and saw 4 of its levels.

You collected 153 gold pieces.

Inventory:

Hand Weapons
 a - a +1 hunting sling
 b - a +0 mace (weapon)
Missiles
 d - 5 sling bullets
 j - a poisoned dart (quivered)
 l - 108 stones
 v - 5 boomerangs
Armour
 h - the +0 scale mail "Mihoydep" (worn) {rPois rCorr}
   (You found it on level 4 of the Dungeon)

   It protects you from poison.
   It provides partial protection from all sources of acid and corrosion.
 w - a +2 robe
Jewellery
 m - a ring of wizardry (left claw)
 u - a ring of see invisible (right claw)
Wands
 q - a wand of iceblast (8)
 C - a wand of flame (11)
Scrolls
 n - 3 scrolls of teleportation
 p - 2 scrolls of enchant armour
 t - 2 scrolls of identify
Potions
 k - a potion of curing
 A - a potion of might
Comestibles
 c - 2 chunks of flesh
 f - 10 rations


   Skills:
 + Level 3.4 Fighting
 + Level 2.1 Short Blades
 + Level 2.1 Long Blades
 + Level 2.1 Axes
 + Level 2.1 Maces & Flails
 + Level 2.1 Polearms
 + Level 2.1 Staves
 + Level 5.1 Slings
 + Level 2.1 Bows
 + Level 2.1 Crossbows
 + Level 2.1 Throwing
 + Level 2.1 Armour
 + Level 5.1 Dodging
 + Level 2.1 Stealth
 + Level 2.1 Shields
 + Level 2.1 Unarmed Combat
 + Level 3.5 Spellcasting
 + Level 1.7 Conjurations
 + Level 5.7 Hexes
 + Level 1.7 Charms
 + Level 1.7 Summonings
 + Level 1.7 Necromancy
 + Level 1.7 Translocations
 + Level 1.7 Transmutations
 + Level 1.7 Fire Magic
 + Level 1.7 Ice Magic
 + Level 1.7 Air Magic
 + Level 1.7 Earth Magic
 + Level 1.7 Poison Magic
 + Level 2.4 Invocations
 + Level 2.1 Evocations


You had 11 spell levels left.
You knew the following spells:

 Your Spells              Type           Power        Failure   Level  Hunger
a - Corona                Hex            ###....      3%          1    None

Your spell library contained the following spells:

 Spells                   Type           Power        Failure   Level  Hunger
 Slow                     Hex            ###.....     4%          2    ##.....
 Inner Flame              Hex/Fire       ##......     21%         3    ###....
 Portal Projectile        Hex/Tloc       ##....       21%         3    ###....
 Cause Fear               Hex            ###.......   28%         4    ####...
 Leda's Liquefaction      Hex/Erth       ##........   52%         4    ####...


Dungeon Overview and Level Annotations

Branches:
Dungeon (4/15)
 Temple: D:4-7

Altars:

Annotations:
D:4 Grinder


Innate Abilities, Weirdness & Mutations

Your experience applies equally to all skills.
You have very sharp teeth.
Your uncanny sense of smell can sniff out nearby items.
You have sharp fingernails.
Your muscles are strong. (Str +2)


Message History

* * * LOW HITPOINT WARNING * * *
A red film seems to cover your vision as you go berserk!
You feel yourself moving faster!
You feel mighty!
Grinder says, "Mostly I couldn't keep them alive."
Grinder hits you.
* * * LOW HITPOINT WARNING * * *
You writhe in agony.
* * * LOW HITPOINT WARNING * * *
You sock Grinder!
Grinder is severely wounded.
Grinder drinks a potion.
Grinder is healed!
Grinder looks more healthy.
The jackal barely misses you.
You sock Grinder!
Grinder is almost dead.
Grinder gestures at you.
You suddenly lose the ability to move!
The jackal bites you but does no damage.
The jackal bites you but does no damage.
Grinder hits you.
You die...

##########.....###.#####
...................<...#
##############.###.###.#
######## #.# #.#
.......# #.###.#
......[# #.....#
.......# #..####
.......# #.h#######
.......# #.5@.....#
.......#######(######.#
................#
.......)........#####
.##########.........# .#
#####.....# .# .†.####
##.# ..... ...# ###....


You could see Grinder (corona) and a jackal.

Vanquished Creatures
  An ogre (D:4)
  A howler monkey (D:2)
  Jessica (D:2)
  Ijyb (D:3)
  Terence (D:3)
  Natasha (thrice) (D:3)
  2 worker ants (D:4)
  3 adders (D:2)
  2 oozes
  3 worms
  3 dart slugs (D:1)
  2 orcs
  6 bats
  2 giant cockroaches
  7 goblins
  8 hobgoblins
  10 jackals
  A quokka (D:2)
  2 frilled lizards (D:1)
  5 kobolds
  5 rats
69 creatures vanquished.

Notes
Turn   | Place    | Note
-------+----------+-------------------------------------------
     0 | D:1      | ubername the Gnoll Arcane Marksman began the quest for the
                  | Orb.
     0 | D:1      | Reached XP level 1. HP: 17/17 MP: 4/4
    35 | D:1      | Reached XP level 2. HP: 19/23 MP: 3/5
   411 | D:1      | Reached XP level 3. HP: 28/28 MP: 7/7
   705 | D:2      | Reached skill level 1 in Invocations
   814 | D:2      | Reached skill level 1 in Short Blades
   814 | D:2      | Reached skill level 1 in Long Blades
   814 | D:2      | Reached skill level 1 in Axes
   814 | D:2      | Reached skill level 1 in Maces & Flails
   814 | D:2      | Reached skill level 1 in Polearms
   814 | D:2      | Reached skill level 1 in Staves
   814 | D:2      | Reached skill level 1 in Bows
   814 | D:2      | Reached skill level 1 in Crossbows
   814 | D:2      | Reached skill level 1 in Throwing
   814 | D:2      | Reached skill level 1 in Armour
   814 | D:2      | Reached skill level 1 in Stealth
   814 | D:2      | Reached skill level 1 in Shields
   814 | D:2      | Reached skill level 1 in Unarmed Combat
   814 | D:2      | Reached skill level 1 in Evocations
  1125 | D:2      | Reached XP level 4. HP: 30/34 MP: 8/8
  1287 | D:2      | Reached skill level 1 in Conjurations
  1287 | D:2      | Reached skill level 1 in Charms
  1287 | D:2      | Reached skill level 1 in Summonings
  1287 | D:2      | Reached skill level 1 in Necromancy
  1287 | D:2      | Reached skill level 1 in Translocations
  1287 | D:2      | Reached skill level 1 in Transmutations
  1287 | D:2      | Reached skill level 1 in Fire Magic
  1287 | D:2      | Reached skill level 1 in Ice Magic
  1287 | D:2      | Reached skill level 1 in Air Magic
  1287 | D:2      | Reached skill level 1 in Earth Magic
  1287 | D:2      | Reached skill level 1 in Poison Magic
  1330 | D:2      | Reached XP level 5. HP: 25/40 MP: 9/9
  1518 | D:2      | Noticed Jessica
  1525 | D:2      | Killed Jessica
  1865 | D:3      | Noticed Natasha
  1868 | D:3      | Killed Natasha
  2000 | D:3      | Noticed Terence
  2004 | D:3      | Noticed Natasha
  2011 | D:3      | Killed Terence
  2314 | D:3      | Killed Natasha
  2314 | D:3      | Reached XP level 6. HP: 47/47 MP: 8/10
  2459 | D:3      | Noticed Natasha
  2474 | D:3      | Killed Natasha
  2623 | D:3      | Noticed Ijyb
  2651 | D:3      | Killed Ijyb
  3124 | D:4      | Reached skill level 5 in Slings
  3124 | D:4      | Reached skill level 5 in Dodging
  3181 | D:4      | Got a jewelled scale mail
  3300 | D:4      | Identified the cursed +0 scale mail "Mihoydep" {rPois
                  | rCorr} (You found it on level 4 of the Dungeon)
  3372 | D:4      | Gained mutation: Your muscles are strong. (Str +2) [potion
                  | of mutation]
  3372 | D:4      | Gained mutation: You have sharp fingernails. [potion of
                  | mutation]
  3647 | D:4      | Noticed Grinder
  3655 | D:4      | Paralysed by Grinder for 4 turns
  3677 | D:4      | Paralysed by Grinder for 6 turns
  3678 | D:4      | Slain by Grinder

Illustrated notes

Levels and vault maps discovered:
D:1:      lightli_molten_gateway, layout_basic
D:2:      layout_rooms, first_ration, uniq_jessica
D:3:      layout_loops_ring, uniq_terence, uniq_ijyb, uniq_natasha
D:4:      layout_basic, led_sif_pool, minmay_temple_entry_statues,
          kennysheep_generic_room_10, uniq_grinder

Skill      XL: |  1  2  3  4  5  6 |
---------------+-------------------+-----
Invocations    | 1 2 |  2.4
Short Blades   | 1 2 |  2.1
Long Blades    | 1 2 |  2.1
Axes           | 1 2 |  2.1
Maces & Flails | 1 2 |  2.1
Polearms       | 1 2 |  2.1
Staves         | 1 2 |  2.1
Bows           | 1 2 |  2.1
Crossbows      | 1 2 |  2.1
Throwing       | 1 2 |  2.1
Armour         | 1 2 |  2.1
Stealth        | 1 2 |  2.1
Shields        | 1 2 |  2.1
Unarmed Combat | 1 2 |  2.1
Evocations     | 1 2 |  2.1
Spellcasting   | 3 |  3.5
Conjurations   | 1 |  1.7
Charms         | 1 |  1.7
Summonings     | 1 |  1.7
Necromancy     | 1 |  1.7
Translocations | 1 |  1.7
Transmutations | 1 |  1.7
Fire Magic     | 1 |  1.7
Ice Magic      | 1 |  1.7
Air Magic      | 1 |  1.7
Earth Magic    | 1 |  1.7
Poison Magic   | 1 |  1.7
Fighting       | 3 |  3.4
Slings         | 5 |  5.1
Dodging        | 5 |  5.1
Hexes          | |  5.7

Action                   |  1- 3 |  4- 6 || total
-------------------------+-------+-------++-------
Melee: Mace              |    48 |    88 ||   136
       Bite              |     4 |     9 ||    13
       Punch             |       |     1 ||     1
 Fire: Hunting sling     |    67 |    76 ||   143
Throw: Dart              |     4 |    29 ||    33
 Cast: Corona            |    23 |    18 ||    41
  Use: Potion            |       |    10 ||    10
       Scroll            |       |     9 ||     9
  Eat: Ration            |     1 |       ||     1
       Chunk             |       |     5 ||     5
Armor: Robe              |    17 |    18 ||    35
       Scale mail        |       |     8 ||     8
Dodge: Dodged            |    63 |    97 ||   160
